 Dungeon Crawl Stone Soup version 0.28-a0-983-g1de4e0787c (webtiles) character file.

Game seed: 11700185811593825937

173 Gwenloh the Caller (level 5, 0/35 HPs)
             Began as a Merfolk Summoner on Dec 2, 2021.
             Slain by a bullfrog zombie (6 damage)
             ... on level 3 of the Dungeon.
             The game lasted 00:10:35 (4382 turns).

Gwenloh the Caller (Merfolk Summoner)               Turns: 4382, Time: 00:10:35

Health: 0/35       AC:  2    Str:  8    XL:     5   Next: 53%
Magic:  7/9        EV: 13    Int: 17    God:
Gold:   194        SH:  0    Dex: 14    Spells: 1/10 levels left

rFire   . . .      SeeInvis .   b - +0 short sword
rCold   . . .      Faith    .   (no shield)
rNeg    . . .      Spirit   .   a - +0 robe
rPois   .          Reflect  .   (no helmet)
rElec   .          Harm     .   (no cloak)
rCorr   .          Rampage  .   (no gloves)
Will    .....                   (no boots)
Stlth   ++........              (no amulet)
HPRegen 0.11/turn               (no ring)
MPRegen 0.11/turn               (no ring)

@: no status effects
A: (nimble swimmer 2), mertail
a: no special abilities


You were on level 3 of the Dungeon.
You visited 1 branch of the dungeon, and saw 3 of its levels.

You collected 194 gold pieces.

Inventory:

Hand Weapons
 b - a +0 short sword (weapon)
 h - a +0 hunting sling
Missiles
 c - 65 stones (quivered)
Armour
 a - a +0 robe (worn)
Scrolls
 f - a scroll of magic mapping {unknown}
 g - a scroll of enchant weapon {unknown}
 i - a scroll of immolation {unknown}
 j - a scroll of torment {unknown}
 k - a scroll of identify {unknown}
Potions
 d - 2 potions of heal wounds {unknown}
 e - a potion of curing {unknown}


   Skills:
 + Level 4.2 Dodging
 - Level 2.1 Stealth
 + Level 3.0 Spellcasting
 * Level 5.4 Summonings


You had one spell level left.
You knew the following spells:

 Your Spells              Type           Power      Damage    Failure   Level
a - Summon Small Mammal   Summ           84%        N/A       1%          1
b - Call Imp              Summ           21%        N/A       2%          2
c - Call Canine Familiar  Summ           21%        N/A       5%          3
d - Summon Guardian Gole  Hex/Summ       11%        N/A       17%         3

Your spell library contained the following spells:

 Spells                   Type           Power      Damage    Failure   Level
 Gell's Gravitas          Tloc           2%         N/A       45%         3
 Lesser Beckoning         Tloc           2%         N/A       45%         3
 Teleport Other           Tloc           2%         N/A       45%         3
 Summon Lightning Spire   Summ/Air       11%        N/A       50%         4


Dungeon Overview and Level Annotations

Branches:
Dungeon (3/15)

Altars:


Innate Abilities, Weirdness & Mutations

((You are quick and stealthy near water. (Stealth+, EV+, Speed+++)))
Your lower body shifts to a powerful aquatic tail in water.


Message History

You throw a stone.
The stone hits the bullfrog zombie but does no damage.
The bullfrog zombie is lightly damaged.
You throw a stone. The stone hits the bullfrog zombie.
The bullfrog zombie is lightly damaged.
You throw a stone.
The stone barely misses the bullfrog zombie.
You closely miss the bullfrog zombie.
The bullfrog zombie is lightly damaged.
The bullfrog zombie hits you.
You barely miss the bullfrog zombie.
The bullfrog zombie is lightly damaged.
The bullfrog zombie misses you.
You hit the bullfrog zombie.
The bullfrog zombie is lightly damaged.
The bullfrog zombie hits you. x2
You hit the bullfrog zombie.
The bullfrog zombie is moderately damaged.
The bullfrog zombie hits you.
You hit the bullfrog zombie.
The bullfrog zombie is moderately damaged.
The bullfrog zombie hits you. x2
* * * LOW HITPOINT WARNING * * *
Casting: Call Canine Familiar (dangerous; 5% risk of failure)
Confirm with . or Enter, or press ? or * to list all spells.
A beastly little devil appears in a puff of frigid air.
The bullfrog zombie hits you.
* * * LOW HITPOINT WARNING * * *
The bullfrog zombie barely misses you.
Your white imp hits the bullfrog zombie.
Your white imp freezes the bullfrog zombie.
The bullfrog zombie completely resists.
The bullfrog zombie barely misses you.
You hit the bullfrog zombie.
The bullfrog zombie is heavily damaged.
The bullfrog zombie closely misses you.
Your white imp gestures at the bullfrog zombie.
The puff of frost hits the bullfrog zombie.
The bullfrog zombie resists.
The bullfrog zombie hits you.
You die...

#.#.......#.......
........#....#....
.#........#..####...
........#....#.. ...
#.........#....# ##
.#......#...##.#####
###
#........#.##.....#.((.
#####.##...#......(....
#.####.....@....... #.#
#....Z5....... #.#
#............. ###
#.............
#.............
...............
................
............#....
........#####...


You could see a bullfrog zombie (ally target) and a friendly white imp
(summoned).

Vanquished Creatures
  Natasha (D:2)
  An adder (D:2)
  4 endoplasms
  A giant cockroach (D:2)
  5 hobgoblins
  A jackal (D:2)
  A quokka (D:2)
  A ball python (D:2)
  4 bats (D:2)
  5 frilled lizards
  5 goblins
  3 kobolds (D:2)
  6 rats
38 creatures vanquished.

Vanquished Creatures (collateral kills)
  Natasha (D:2)
  Robin (D:2)
  A gnoll (D:1)
  An adder (D:2)
  A worm (D:2)
  A dart slug (D:1)
  3 ball pythons
  A bat (D:1)
  2 endoplasms (D:1)
  A giant cockroach (D:1)
  5 goblins (D:2)
  8 hobgoblins
  5 jackals
  A quokka (D:1)
  A frilled lizard (D:1)
  2 kobolds (D:1)
  A rat (D:1)
36 creatures vanquished.

Grand Total: 74 creatures vanquished

Notes
Turn   | Place    | Note
-------+----------+-------------------------------------------
     0 | D:1      | Gwenloh the Merfolk Summoner began the quest for the Orb.
     0 | D:1      | Reached XP level 1. HP: 13/13 MP: 3/3
   518 | D:1      | Reached XP level 2. HP: 17/19 MP: 3/5
  1053 | D:1      | Learned a level 2 spell: Call Imp
  1456 | D:1      | Reached XP level 3. HP: 17/24 MP: 4/6
  1460 | D:1      | Learned a level 3 spell: Call Canine Familiar
  1835 | D:1      | Found a faded altar of an unknown god.
  2289 | D:2      | Reached XP level 4. HP: 25/30 MP: 7/7
  2605 | D:2      | Noticed Natasha
  2632 | D:2      | Killed Natasha
  2633 | D:2      | Reached skill level 5 in Summonings
  2830 | D:2      | Noticed Robin
  2935 | D:2      | Upgraded the game from 0.28-a0-973-ga7f8b01127 to
                  | 0.28-a0-983-g1de4e0787c
  3035 | D:2      | Killed Robin
  3037 | D:2      | Reached XP level 5. HP: 23/35 MP: 7/9
  3041 | D:2      | Learned a level 3 spell: Summon Guardian Golem
  3263 | D:2      | Noticed Natasha
  3274 | D:2      | Killed Natasha
  4382 | D:3      | Slain by a bullfrog zombie

Illustrated notes

Levels and vault maps discovered:
D:1:      nzn_arrival_crosshair, layout_basic,
          dreamdust_ecumenical_altar_angels_and_demons
D:2:      minmay_chambers_of_ones, layout_loops_ring, mrwooster_statue_mirror,
          minmay_pentomino_v4, uniq_robin, uniq_natasha
D:3:      layout_rooms, nicolae_qazlal_general_emergency,
          nicolae_shop_unique_rings, minmay_misc_feat_pillars, hex_large,
          wad_orctagon

Skill      XL: |  1  2  3  4  5 |
---------------+----------------+-----
Dodging        | 3 4 |  4.2
Summonings     | 5 |  5.4
Spellcasting   | 3 |  3.0
Stealth        | |  2.1

Action                   |  1- 3 |  4- 6 || total
-------------------------+-------+-------++-------
Melee: Unarmed           |    48 |       ||    48
       Short sword       |    88 |   126 ||   214
Throw: Stone             |    21 |    59 ||    80
 Cast: Summon Small Mamm |    20 |     2 ||    22
       Call Imp          |     2 |     4 ||     6
       Call Canine Famil |     4 |     6 ||    10
 Stab: Distracted        |     1 |       ||     1
Armor: Robe              |    31 |    16 ||    47
Dodge: Dodged            |   120 |    80 ||   200

Table legend: (Time is in decaauts)
 A = Elapsed time spent in this place.
 B = Non-inter-level travel time spent in this place.
 C = Inter-level travel time spent in this place.
 D = Time resting spent in this place.
 E = Time spent auto-exploring this place.
 F = Levels seen in this place.
 G = Mean time per level.
                   A        B        C        D        E       F      G
               +--------+--------+--------+--------+--------+-----+--------+
         Total |   4420 |   4348 |     72 |    522 |   2991 |   3 | 1473.3 |
       Dungeon |   4420 |   4348 |     72 |    522 |   2991 |   3 | 1473.3 |
               +--------+--------+--------+--------+--------+-----+--------+

Top non-repeatable levels by time:
     D:2: 2403 daAuts
     D:1: 1931 daAuts
     D:3: 85 daAuts
